 Dungeon Crawl Stone Soup version 0.23.0 (webtiles) character file.

Game seed: 11542992795836274793

378 poirepourri the Chopper (level 6, 0/55 HPs)
             Began as a Deep Dwarf Fighter on Feb 14, 2019.
             Slain by an ogre
             ... wielding a +0 giant club
              (26 damage)
             ... on level 4 of the Dungeon.
             The game lasted 00:02:07 (2303 turns).

poirepourri the Chopper (Deep Dwarf Fighter)        Turns: 2303, Time: 00:02:08

Health: 0/55       AC:  9    Str: 20    XL:     6   Next: 45%
Magic:  5/5        EV:  7    Int:  8    God:
Gold:   144        SH:  9    Dex: 14    Spells: 5/5 levels left

rFire    . . .     SeeInvis .   a - +1 war axe
rCold    . . .     Gourm    .   c - +0 shield
rNeg     . . .     Faith    .   b - +0 scale mail
rPois    .         Spirit   .   k - +0 helmet
rElec    .         Reflect  .   e - +0 cloak
rCorr    .         Harm     .   (no gloves)
MR       .....                  (no boots)
Stlth    ..........             m - amulet of the acrobat
HPRegen  0.00/turn              (no ring)
MPRegen  0.09/turn              (no ring)

@: non-regenerating
A: damage resistance, heal wounds, sense surroundings 1, no regeneration
a: Heal Wounds


You were on level 4 of the Dungeon.
You were not hungry.

You visited 1 branch of the dungeon, and saw 4 of its levels.

You collected 144 gold pieces.

Inventory:

Hand Weapons
 a - a +1 war axe (weapon)
Missiles
 j - 38 bolts
Armour
 b - a +0 scale mail (worn)
 c - a +0 shield (worn)
 e - a +0 cloak (worn)
 k - a +0 helmet (worn)
Jewellery
 m - an amulet of the acrobat (around neck)
Scrolls
 i - 2 scrolls of teleportation
 l - a scroll of fear
 n - a scroll of fog
Potions
 d - a potion of might
 g - a potion of brilliance
 h - a potion of curing {unknown}
Comestibles
 f - 7 rations


   Skills:
 - Level 2.6 Fighting
 + Level 7.6 Axes
 - Level 3.2 Armour
 - Level 3.2 Shields


You had 5 spell levels left.
You didn't know any spells.
Your spell library was empty.

Dungeon Overview and Level Annotations

Branches:
Dungeon (4/15)
 Temple: D:4-7

Altars:
Ashenzari
Cheibriados
Okawaru
Sif Muna
Trog
Xom
The Shining One

Annotations:
D:3 3 runed translucent doors, matthes123's ghost, amateur FoFi; poxu's ghost, weakling DsFi


Innate Abilities, Weirdness & Mutations

You are resistant to damage.
You can heal yourself by infusing magical energy.
You passively map a small area around you.
You do not regenerate.


Message History

The ogre hits you with a +0 giant club!
You are too injured to fight recklessly!
You are too injured to fight recklessly!
You are too injured to fight recklessly!
You are too injured to fight recklessly!
You are too injured to fight recklessly!
You are too injured to fight recklessly!
You are too injured to fight recklessly!
You are too injured to fight recklessly!
You are too injured to fight recklessly!
You are too injured to fight recklessly!
You are too injured to fight recklessly!
You are too injured to fight recklessly!
You slash the ogre!
The ogre is heavily wounded.
You block the ogre's attack.
You slash the ogre!
The ogre is almost dead.
The ogre hits you with a +0 giant club!!
You die...

#######.#### ... , #....
#.....†....####.#####...#
#[#.#.#.##.#.............
#.._..#...$...#.#..##.#..
###.###.##.#..#.#..##8#..
#........#..#....<.#### ,
* ##.................8#..
#.##)##.#..###.....#,.
#.##.@O..........#..., *
**#.#####.####.....##..#
, ..# # #.#.... ... , #..
, , #.##### .# , * * #..,
# .# #., *,,, , * , *, ,
* *


You could see an ogre.

Vanquished Creatures
  Sigmund (D:3)
  2 orc wizards (D:3)
  Terence (D:3)
  5 adders
  An ooze (D:2)
  A worm (D:2)
  2 dart slugs
  3 leopard geckos
  4 orcs (D:3)
  3 giant cockroaches
  11 goblins
  10 hobgoblins
  3 jackals (D:2)
  2 quokkas
  3 ball pythons
  7 bats
  2 frilled lizards
  7 kobolds
  7 rats
75 creatures vanquished.

Vanquished Creatures (others)
  3 withered plants (D:3)
3 creatures vanquished.

Grand Total: 78 creatures vanquished

Notes
Turn   | Place    | Note
-------+----------+-------------------------------------------
     0 | D:1      | poirepourri the Deep Dwarf Fighter began the quest for the
                  | Orb.
     0 | D:1      | Reached XP level 1. HP: 20/20 MP: 1/1
    93 | D:1      | Reached skill level 3 in Axes
    95 | D:1      | Reached XP level 2. HP: 21/27 MP: 2/2
   753 | D:2      | Reached XP level 3. HP: 17/33 MP: 3/3
   776 | D:2      | Reached skill level 4 in Axes
   994 | D:2      | Reached XP level 4. HP: 40/40 MP: 3/3
  1077 | D:2      | Found a snail-covered altar of Cheibriados.
  1093 | D:2      | Reached skill level 5 in Axes
  1361 | D:3      | Noticed Sigmund
  1390 | D:3      | Killed Sigmund
  1390 | D:3      | Reached skill level 6 in Axes
  1390 | D:3      | Reached XP level 5. HP: 46/46 MP: 4/4
  1412 | D:3      | Noticed Terence
  1419 | D:3      | Killed Terence
  1419 | D:3      | Reached skill level 7 in Axes
  1419 | D:3      | Reached XP level 6. HP: 55/55 MP: 5/5
  1614 | D:3      | Found a runed translucent gate.
  1615 | D:3      | Found a runed translucent gate.
  1615 | D:3      | Found a runed translucent gate.
  1615 | D:3      | Noticed poxu's ghost (weakling DsFi)
  1615 | D:3      | Noticed matthes123's ghost (amateur FoFi)
  1871 | D:3      | Found a glowing golden altar of the Shining One.
  2230 | D:4      | Found a bloodstained altar of Trog.
  2230 | D:4      | Found a deep blue altar of Sif Muna.
  2231 | D:4      | Found a shimmering altar of Xom.
  2241 | D:4      | Found an iron altar of Okawaru.
  2280 | D:4      | Found a shattered altar of Ashenzari.
  2303 | D:4      | Slain by an ogre

Skill      XL: |  1  2  3  4  5 |
---------------+----------------+-----
Axes           | 3 4 6 7 |  7.6
Fighting       | |  2.6
Armour         | |  3.2
Shields        | |  3.2

Action                   |  1- 3 |  4- 6 || total
-------------------------+-------+-------++-------
Melee: War axe           |   108 |   123 ||   231
 Abil: Heal Wounds       |     1 |       ||     1
  Use: Scroll            |     4 |     3 ||     7
       Potion            |       |     4 ||     4
  Eat: Ration            |       |     2 ||     2
Armor: Scale mail        |    55 |    36 ||    91
Dodge: Dodged            |    34 |    25 ||    59
Block: Shield            |    46 |    40 ||    86
